Map: Ascension to Aiur LE

Players

Dysix

  • Race: Terran Terran
  • League: Diamond
  • Spawn Location: 11:00

LaFantome - Winner!

  • Race: Zerg Zerg
  • Spawn Location: 5:00

VOD

Have the link to the VOD?

Description

Time

  • Played on: Jan. 10, 2018, 2:22 p.m.
  • Length: 26:18
Show
View Real Time Build Order
Export as new Build Order

Dysix Terran 

Build Orders:  

Get SALT Encoding   

  12  0:00  SCV  
  13  0:13  SCV  
  14  0:17  Supply Depot  
  14  0:25  SCV  
  15  0:39  SCV  
  15  0:40  Barracks  
  16  0:51  SCV  
  17  1:03  SCV  
  18  1:16  Command Center  
  18  1:26  Refinery  
  18  1:30  Marine  
  19  1:34  SCV  
  20  1:41  Refinery  
  20  1:46  SCV  
  21  1:48  Marine  
  22  2:00  Bunker  
  22  2:06  Marine, Orbital Command  
  23  2:15  Supply Depot  
  22  2:34  Orbital Command  
  22  2:37  Barracks Reactor  
  22  2:49  Factory  
  22  2:53  SCV  
  23  3:00  SCV  
  23  3:05  SCV  
  25  3:10  Barracks  
  25  3:14  Marine x2  
  25  3:17  SCV  
  25  3:19  SCV  
  29  3:30  SCV, Refinery  
  29  3:31  SCV  
  31  3:39  Starport  
  31  3:40  Hellion  
  33  3:41  Barracks Reactor  
  33  3:44  SCV  
  33  3:47  SCV  
  35  3:59  Refinery  
  34  4:41  SCV x2  
  36  4:54  SCV x2  
  36  4:57  Starport  
  36  4:59  Hellion  
  42  5:00  Hellion  
  42  5:01  Fusion Core  
  42  5:05  Supply Depot  
  42  5:07  SCV x2  
  44  5:19  SCV x2  
  44  5:20  Barracks Tech Lab  
  46  5:27  Hellion x2  
  50  5:28  Supply Depot  
  50  5:31  SCV x2  
  50  5:32  Liberator x3  
  52  5:40  Armory  
  52  5:47  Advanced Ballistics  
  52  5:50  Supply Depot  
  52  5:56  Supply Depot  
  61  6:02  SCV  
  62  6:10  Supply Depot  
  62  6:12  SCV, Hellion x2  
  67  6:19  Supply Depot  
  67  6:20  Liberator x3  
  67  6:27  SCV x2  
  69  6:33  Factory  
  78  6:44  Factory  
  78  6:45  Factory  
  78  6:54  SCV  
  78  6:55  SCV  
  80  7:07  SCV  
  80  7:08  SCV  
  82  7:15  Hellbat  
  84  7:19  SCV  
  85  7:43  Factory Tech Lab x2  
  85  7:44  Factory Tech Lab  
  85  7:51  Factory, Terran Vehicle Weapons Level 1  
  85  7:55  Factory  
  79  8:24  Siege Tank x3  
  79  8:37  Factory Tech Lab  
  78  8:55  Hellion x4  
  73  8:56  Siege Tank x2  
  73  8:58  Liberator  
  73  8:59  Liberator x2  
  69  9:03  SCV x2  
  69  9:15  SCV  
  69  9:16  SCV  
  80  9:18  Hellion x4  
  80  9:25  Supply Depot  
  80  9:28  SCV x2  
  79  9:34  Infernal Pre-Igniter, Factory Tech Lab  
  79  9:40  SCV x2  
  79  9:41  Liberator  
  81  9:52  SCV x2  
  83  9:53  Smart Servos  
  83  9:59  Siege Tank  
  89  10:33  Hellion x4  
  76  11:10  Siege Tank x4  
  82  11:20  SCV x2  
  82  11:24  Terran Vehicle Weapons Level 2  
  84  11:30  Command Center  
  84  11:32  SCV x2  
  86  11:38  Hellion  
  86  11:39  Hellion x2  
  92  11:42  Hellion  
  94  11:54  Supply Depot x2  
  94  11:56  Supply Depot  
  94  12:15  SCV x2, Hellion x2, Raven  
  102  12:16  Viking x2, Hellion x2  
  110  12:25  Hellion x3  
  110  12:28  Supply Depot x2  
  110  12:29  Supply Depot  
  118  12:37  Hellion  
  118  13:00  Refinery  
  118  13:01  Refinery  
  118  13:32  Siege Tank x5  
  133  13:34  Hellion x2  
  137  13:56  Hellion  
  139  14:04  Siege Tank  
  142  14:17  Hellion x2  
  142  14:18  Hellion x4  
  142  14:21  Hellion x18  
  121  14:56  Siege Tank x5  
  110  15:00  Liberator x3  
  108  15:13  Terran Vehicle Weapons Level 3  
  108  15:14  Engineering Bay  
  108  15:16  Hellion x2  
  121  15:28  Siege Tank, Hellion  
  126  15:34  Siege Tank x3  
  135  15:39  Hellion x6  
  135  15:40  Sensor Tower  
  135  15:43  Liberator  
  135  15:47  Planetary Fortress  
  138  16:14  Hellion  
  138  16:15  Hellion x6  
  138  16:18  SCV x2  
  142  16:30  SCV, Raven  
  145  16:35  SCV x2  
  147  16:42  SCV  
  148  16:48  Hellion x3  
  148  16:49  Hellion  
  156  17:14  Hellion  
  156  18:02  Command Center  
  156  18:26  Liberator  
  156  18:27  Liberator  
  157  18:41  Hellion x2  
  157  18:42  Hellion x2  
  157  18:43  Hellion x3  
  155  18:55  Liberator  
  157  19:02  Hellion  
  157  19:08  Supply Depot  
  157  19:09  Supply Depot  
  157  19:10  Supply Depot  
  157  19:12  SCV, Hellion x2  
  157  19:13  Planetary Fortress  
  157  19:14  SCV, Siege Tank, Hellion x3  
  157  19:16  Refinery  
  175  19:24  Hellion x3  
  175  19:25  Hellion x9  
  175  19:26  Viking, Raven  
  179  19:33  Siege Tank x2  
  179  19:35  Siege Tank x2  
  161  19:54  Viking  
  161  19:56  Viking  
  131  20:18  Viking  
  131  20:21  Terran Ship Weapons Level 1  
  131  20:24  Viking  
  131  20:26  Viking  
  135  20:29  Starport x2, Refinery  
  135  20:30  Starport  
  135  20:31  Hellion x5  
  135  20:32  Hellion  
  147  20:44  Thor  
  147  20:48  Viking  
  155  20:52  Thor  
  155  20:54  Viking  
  155  20:56  Viking  
  163  21:15  Viking x3  
  169  21:25  Viking  
  171  21:26  Command Center  
  171  21:29  Viking  
  67  22:39  Planetary Fortress  
  67  22:49  Siege Tank x2  
  73  22:52  Command Center  
  48  23:30  Hellion  
  52  23:40  Hellion  
  52  23:55  Refinery x2  
  52  24:08  Orbital Command  
  52  24:11  SCV x2  
  52  24:12  Refinery  
  54  24:23  SCV  
Show
View Real Time Build Order
Export as new Build Order

LaFantome Zerg - Winner!

Build Orders: Hatch First 

Get SALT Encoding   

  12  0:01  Drone  
  13  0:13  Overlord  
  13  0:17  Drone  
  14  0:32  Drone x2  
  16  0:37  Drone  
  17  0:53  Hatchery  
  16  0:58  Drone  
  16  1:00  Drone  
  18  1:11  Extractor  
  18  1:16  Spawning Pool  
  16  1:19  Drone  
  16  1:21  Drone  
  18  1:29  Drone  
  19  1:40  Overlord  
  19  1:50  Drone  
  20  2:02  Zergling x2  
  20  2:04  Queen x2  
  20  2:05  Zergling x2  
  26  2:26  Drone x3  
  29  2:35  Drone x2  
  31  2:47  Overlord  
  31  2:48  Queen  
  31  2:49  Queen  
  35  2:55  Metabolic Boost  
  35  3:06  Hatchery  
  35  3:07  Drone  
  35  3:08  Drone  
  36  3:15  Drone  
  36  3:16  Drone x2  
  36  3:17  Drone  
  40  3:23  Drone x3  
  43  3:27  Overlord  
  43  3:31  Overlord  
  43  3:43  Drone  
  43  3:45  Drone x4  
  43  3:47  Extractor  
  47  3:49  Extractor  
  47  3:50  Evolution Chamber  
  47  3:51  Evolution Chamber  
  44  3:56  Roach Warren  
  44  3:59  Drone x2  
  44  4:00  Drone  
  46  4:07  Overlord  
  46  4:21  Zergling x6  
  48  4:42  Roach x5  
  57  4:45  Queen  
  57  4:46  Spore Crawler  
  57  4:47  Spore Crawler  
  57  4:56  Overlord x3  
  57  5:13  Queen x2  
  61  5:25  Drone x4  
  61  5:28  Overlord x3, Drone x3  
  68  5:30  Zerg Missile Weapons Level 1  
  68  5:58  Drone  
  68  5:59  Drone x5  
  74  6:07  Zerg Ground Armor Level 1  
  74  6:08  Lair  
  73  6:33  Roach  
  73  6:34  Roach x12  
  73  6:38  Drone x5  
  104  7:01  Drone  
  104  7:02  Drone  
  104  7:03  Overlord x5  
  104  7:06  Glial Reconstitution  
  106  7:13  Overseer  
  106  7:23  Hydralisk Den  
  106  7:24  Zerg Missile Weapons Level 2  
  94  7:56  Muscular Augments  
  49  8:59  Drone  
  49  9:00  Drone x12  
  40  9:42  Drone x4  
  40  9:43  Drone  
  45  9:50  Drone x4  
  49  10:00  Hydralisk  
  49  10:01  Roach x2  
  47  10:16  Roach x6  
  40  10:28  Roach  
  40  10:29  Roach  
  32  10:45  Drone x2  
  34  10:50  Hydralisk x2  
  38  11:09  Queen x2  
  38  11:10  Queen  
  44  11:25  Hydralisk x4  
  44  11:31  Drone x4  
  56  11:45  Queen x3  
  62  11:53  Drone x6  
  68  12:01  Drone x2  
  70  12:03  Extractor  
  69  12:17  Drone x4  
  69  12:20  Extractor  
  69  12:21  Extractor, Queen x3  
  75  12:32  Drone x6  
  75  12:33  Drone x3  
  84  12:39  Drone  
  84  12:40  Drone x2  
  87  12:52  Drone x2  
  87  12:53  Drone  
  87  12:56  Zerg Ground Armor Level 2  
  90  13:12  Drone x3  
  93  13:13  Drone x2  
  93  13:14  Drone  
  96  13:25  Hatchery  
  95  13:35  Drone x4  
  95  13:36  Drone x3  
  102  13:50  Hydralisk x4  
  102  13:54  Ravager x4  
  102  13:55  Ravager  
  115  13:56  Ravager x2  
  115  13:57  Ravager  
  118  14:16  Hydralisk x6  
  118  14:17  Hydralisk  
  88  15:08  Drone  
  88  15:09  Drone x8  
  88  15:11  Overlord  
  88  15:12  Overlord x2  
  97  15:25  Infestation Pit  
  96  15:39  Hydralisk x8  
  112  16:06  Hatchery  
  112  16:11  Extractor  
  110  16:15  Extractor  
  104  16:27  Drone x3  
  104  16:28  Drone x4  
  104  16:29  Drone x4  
  115  16:33  Hive  
  115  16:35  Hydralisk  
  115  16:36  Hydralisk x18, Spire  
  152  17:01  Overlord x3  
  152  17:02  Overlord x2  
  152  17:04  Overseer  
  152  17:05  Overseer x2  
  152  17:26  Roach x11  
  152  17:27  Roach x9  
  192  17:48  Greater Spire  
  192  18:09  Corruptor x4  
  130  18:51  Corruptor x4  
  138  19:00  Brood Lord x4  
  138  19:01  Corruptor  
  138  19:02  Corruptor x4  
  152  19:04  Zergling x6  
  152  19:05  Zergling x12  
  152  19:06  Zergling x8  
  169  19:23  Brood Lord x2  
  169  19:24  Brood Lord x2  
  160  19:33  Brood Lord  
  161  19:43  Drone  
  161  19:44  Drone x17  
  161  19:45  Drone x9  
  170  20:19  Hatchery  
  169  20:23  Corruptor x5  
  179  20:32  Hatchery  
  177  21:16  Zerg Flyer Armor Level 1  
  81  22:33  Hydralisk  
  81  22:34  Hydralisk x8  
  97  22:39  Hydralisk  
  97  22:40  Hydralisk x2  
  97  22:42  Queen x3  
  97  22:43  Queen  
  111  22:53  Hydralisk x4  
  119  22:59  Extractor  
  119  23:00  Extractor  
  117  23:08  Hatchery  
  110  23:22  Corruptor  
  110  23:23  Corruptor x10  
  128  23:37  Hydralisk  
  128  23:39  Queen x2  
  128  23:40  Queen x2  
  138  24:20  Brood Lord x7  
  138  24:21  Corruptor x3  
  159  24:24  Zergling x6  
  159  24:25  Zergling x12  
  167  24:34  Nydus Network  
  154  24:58  Brood Lord  
  154  24:59  Brood Lord  
  154  25:04  Drone  
  154  25:05  Drone x14  
  154  25:24  Extractor  
  154  25:25  Extractor  
  154  25:28  Extractor  
  154  25:31  Hatchery  
  154  25:33  Extractor  
  154  25:36  Hydralisk, Drone  
  154  25:37  Hydralisk x8  
Tags
 
Add a new tag
Caveats
  • Supply blocks, unpowered buildings, or Contaminate may cause inaccurate times.
  • Supply counts are checked every 10 seconds.